 Dungeon Crawl Stone Soup version 0.25.1-2-g60ff931df9 (webtiles) character file.

Game seed: 16612343839448550664

61 HawFromDerth the Firebug (level 3, 0/26 HPs)
             Began as a Draconian Fire Elementalist on Sept 20, 2020.
             Slain by a gnoll (7 damage)
             ... on level 2 of the Dungeon.
             The game lasted 00:04:53 (2251 turns).

HawFromDerth the Firebug (DrFE)                     Turns: 2251, Time: 00:04:54

Health: 0/26       AC:  5    Str: 10    XL:     3   Next: 83%
Magic:  1/7        EV: 12    Int: 16    God:
Gold:   51         SH:  0    Dex: 11    Spells: 6/7 levels left

rFire    . . .     SeeInvis .   e - +0 dagger
rCold    . . .     Gourm    .   (no shield)
rNeg     . . .     Faith    .   (armour unavailable)
rPois    .         Spirit   .   (helmet restricted)
rElec    .         Reflect  .   (no cloak)
rCorr    .         Harm     .   (no gloves)
MR       .....                  (no boots)
Stlth    ++........             (no amulet)
HPRegen  0.08/turn              (no ring)
MPRegen  0.10/turn              (no ring)

@: very slightly contaminated
A: unfitting armour, cold-blooded, AC +5
a: no special abilities


You were on level 2 of the Dungeon.
You were not hungry.

You visited 1 branch of the dungeon, and saw 2 of its levels.

You collected 51 gold pieces.

Inventory:

Hand Weapons
 e - a +0 dagger (weapon)
Scrolls
 a - a scroll of remove curse {unknown}
 c - a scroll of enchant armour {unknown}
 d - a scroll of magic mapping {unknown}
 g - a scroll of teleportation {unknown}
Potions
 f - a potion of brilliance {unknown}
Comestibles
 b - a ration


   Skills:
 + Level 0.1 Fighting
 + Level 0.2 Short Blades
 + Level 2.0 Dodging
 - Level 1.9 Stealth
 - Level 0.1 Unarmed Combat
 + Level 2.7 Spellcasting
 + Level 1.6 Conjurations
 + Level 3.7 Fire Magic


You had 6 spell levels left.
You knew the following spells:

 Your Spells              Type           Power        Failure   Level  Hunger
a - Foxfire               Conj/Fire      ##..         6%          1    #......

Your spell library contained the following spells:

 Spells                   Type           Power        Failure   Level  Hunger
 Conjure Flame            Conj/Fire      ##......     19%         3    ###....
 Inner Flame              Hex/Fire       #.......     26%         3    ###....
 Sticky Flame             Conj/Fire      ##......     54%         4    #####..
 Fireball                 Conj/Fire      ##........   87%         5    ######.


Dungeon Overview and Level Annotations

Branches:
Dungeon (2/15)

Altars:


Innate Abilities, Weirdness & Mutations

Your plain brown scales are hard. (AC +5)
You cannot fit into any form of body armour.
You are cold-blooded and may be slowed by cold attacks.


Message History

The gnoll hits you from afar with a +0 spear!
* * * LOW HITPOINT WARNING * * *
The gnoll barely misses you.
Casting: Foxfire (safe; 6% risk of failure)
Confirm with . or Enter, or press ? or * to list all spells.
You conjure some foxfire!
The foxfire hits the gnoll.
The gnoll is heavily wounded.
The foxfire hits the gnoll.
The gnoll is almost dead.
The gnoll completely misses you. The gnoll misses you.
The foxfire hits the gnoll.
The gnoll is moderately wounded.
The foxfire hits the gnoll.
The gnoll is heavily wounded.
The gnoll hits you but does no damage. The gnoll barely misses you.
Casting: Foxfire (safe; 6% risk of failure)
Confirm with . or Enter, or press ? or * to list all spells.
You conjure some foxfire!
The gnoll hits you!
You die...

#) ### #..### #..
....# #.# #.#.#
#.#######.#.###
#.....<..g....###)#
#...#......gv.....#
#>..#.###.#@#.##..#
#.....#..(.v......#
#.......#.#<#.##..#
#...#..##.#.#.# ..
#...##.##.#.# # #
######....(..
######≈. ≈≈≈≈ ≈≈≈≈


You could see 2 gnolls.

Vanquished Creatures
  2 gnolls
  A dart slug (D:1)
  A ball python (D:1)
  A giant cockroach (D:1)
  7 goblins
  5 hobgoblins (D:1)
  3 jackals (D:1)
  3 bats (D:1)
  2 frilled lizards (D:1)
  5 kobolds
  8 rats
38 creatures vanquished.

Vanquished Creatures (others)
  112 foxfires
112 creatures vanquished.

Grand Total: 150 creatures vanquished

Notes
Turn   | Place    | Note
-------+----------+-------------------------------------------
     0 | D:1      | HawFromDerth the Draconian Fire Elementalist began the
                  | quest for the Orb.
     0 | D:1      | Reached XP level 1. HP: 14/14 MP: 3/3
   323 | D:1      | Reached XP level 2. HP: 20/20 MP: 1/5
  1070 | D:1      | Reached XP level 3. HP: 24/26 MP: 0/6
  2251 | D:2      | Slain by a gnoll

Illustrated notes

Levels and vault maps discovered:
D:1:      dpeg_arrival_water_temple_mockup, layout_basic, minmay_heptomino_d4
D:2:      layout_loops_ring, gammafunk_temple_overflow_wave,
          overflow_temple_1_default, chequers_big_river, grunt_ministairs_2,
          cheibrodos_gnoll_hut

Skill      XL: |  1  2  3 |
---------------+----------+-----
Dodging        | 2 |  2.0
Fighting       | |  0.1
Short Blades   | |  0.2
Stealth        | |  1.9
Unarmed Combat | |  0.1
Spellcasting   | |  2.7
Conjurations   | |  1.6
Fire Magic     | |  3.7

Action                   || total
-------------------------++-------
Melee: Unarmed           ||     5
       Tailslap          ||     2
       Dagger            ||    18
 Cast: Foxfire           ||    69
 Stab: Sleeping          ||     1
  Eat: Chunk             ||     4
       Ration            ||     1
Armor: Skin              ||    13
Dodge: Dodged            ||    38
